 Dungeon Crawl Stone Soup version 0.23.2-1-ga50397a (webtiles) character file.

Game seed: 15689901890871030099

58080 diana the Cruncher (level 14, 0/113 HPs)
             Began as a Demonspawn Gladiator on May 18, 2019.
             Was the Champion of Makhleb.
             Slain by an orc warlord
             ... wielding a +1 dire flail
              (26 damage)
             ... on level 1 of the Orcish Mines.
             The game lasted 00:35:29 (17577 turns).

diana the Cruncher (Demonspawn Gladiator)          Turns: 17577, Time: 00:35:29

Health: 0/113      AC: 13    Str: 18    XL:     14   Next: 48%
Magic:  22/22      EV: 20    Int: 10    God:    Makhleb [******]
Gold:   1516       SH:  0    Dex: 16    Spells: 13/13 levels left

rFire    . . .     SeeInvis .   o - +0 lajatang
rCold    + . .     Gourm    .   (shield currently unavailable)
rNeg     . . .     Faith    .   K - +0 acid dragon scales
rPois    .         Spirit   .   c - +0 helmet
rElec    .         Reflect  .   x - +0 cloak
rCorr    +         Harm     .   h - +0 pair of gloves
MR       +....                  (no boots)
Stlth    +.........             J - amulet of regeneration
HPRegen  0.68/turn              G - ring of ice
MPRegen  0.18/turn              O - ring of protection from fire

@: no status effects
A: talons 2, demonic guardian 1, spiny 2, sturdy frame 2
a: Minor Destruction, Lesser Servant of Makhleb, Major Destruction, Greater
Servant of Makhleb, Renounce Religion


You were on level 1 of the Orcish Mines.
You worshipped Makhleb.
Makhleb was exalted by your worship.
You were not hungry.

You visited 3 branches of the dungeon, and saw 22 of its levels.

You collected 1597 gold pieces.
You spent 81 gold pieces at shops.

Inventory:

Hand Weapons
 a - a +0 quarterstaff
 o - a +0 lajatang (weapon)
Missiles
 d - 2 throwing nets (quivered)
Armour
 c - a +0 helmet (worn)
 h - a +0 pair of gloves (worn)
 x - a +0 cloak (worn)
 K - +0 acid dragon scales (worn)
Jewellery
 G - a ring of ice (left hand)
 J - an amulet of regeneration (around neck)
 O - a ring of protection from fire (right hand)
Wands
 l - a wand of enslavement (9)
 u - a wand of acid (23)
 y - a wand of scattershot (8)
Scrolls
 b - 2 scrolls of amnesia
 e - 2 scrolls of fog {unknown}
 g - 10 scrolls of remove curse
 k - a scroll of blinking {unknown}
 m - 7 scrolls of immolation
 p - a scroll of enchant armour {unknown}
 q - 4 scrolls of teleportation
 r - 2 scrolls of noise {unknown}
 v - a scroll of torment {unknown}
 A - 6 scrolls of magic mapping
 C - 7 scrolls of enchant weapon {unknown}
 D - a scroll of holy word {unknown}
 F - 4 scrolls of vulnerability {unknown}
 L - 2 scrolls of silence {unknown}
 P - a scroll of fear {unknown}
Potions
 i - a potion of invisibility {unknown}
 j - 4 potions of cancellation
 n - 8 potions of curing
 s - 3 potions of ambrosia
 t - 5 potions of brilliance
 w - 3 potions of flight
 z - a potion of heal wounds
 B - 4 potions of agility
 E - 2 potions of lignification {unknown}
 H - 2 potions of haste
 I - a potion of mutation
 M - 2 potions of resistance
Comestibles
 f - 46 rations
 N - a chunk of flesh


   Skills:
 + Level 11.2 Fighting
 - Level 14.0 Staves
 - Level 1.7 Throwing
 + Level 10.1 Armour
 + Level 10.5 Dodging
 + Level 11.3 Invocations


You had 13 spell levels left.
You didn't know any spells.
Your spell library contained the following spells:

 Spells                   Type           Power        Failure   Level  Hunger
 Freeze                   Ice            #...         36%         1    ##.....
 Magic Dart               Conj           #...         36%         1    ##.....
 Blink                    Tloc           N/A          50%         2    ###....
 Call Imp                 Summ           #.......     50%         2    ###....
 Searing Ray              Conj           #.....       50%         2    ###....
 Slow                     Hex            #.......     50%         2    ###....
 Throw Frost              Conj/Ice       #.....       50%         2    ###....
 Conjure Flame            Conj/Fire      #.......     75%         3    ####...
 Dazzling Spray           Conj/Hex       #.....       75%         3    ####...
 Mephitic Cloud           Conj/Pois/Air  #.......     75%         3    ####...
 Ozocubu's Armour         Chrm/Ice       #.......     75%         3    ####...
 Force Lance              Conj/Tloc      #.......     98%         4    #####..
 Fulminant Prism          Conj/Hex       #.........   98%         4    #####..
 Iskenderun's Mystic Bla  Conj           #.......     98%         4    #####..
 Summon Ice Beast         Ice/Summ       #.......     98%         4    #####..
 Throw Icicle             Conj/Ice       #.......     98%         4    #####..


Dungeon Overview and Level Annotations

Branches:
Dungeon (14/15)            Temple (0/1) D:4            Lair (6/6) D:11
  Swamp (0/4) Lair:2        Snake (0/4) Lair:4        Slime (0/5) Lair:5
    Orc (2/2) D:11         Vaults (0/5) D:13
    Elf: Orc:2

Altars:
Ashenzari
Dithmenos
Fedhas
Kikubaaqudgha
Makhleb
Okawaru
Ru
Sif Muna
Trog
Vehumet
Wu Jian
Xom
The Shining One
Jiyva

Shops:
D:4 ?   D:8 ?   Orc:1 (:%


Innate Abilities, Weirdness & Mutations

You have razor-sharp toenails.
A weak demonic guardian rushes to your aid.
You are mostly covered in sharp spines.
Your movements are less encumbered by armour. (ER -4)


Message History

The orc warlord hits you but does no damage.
Press: ? - help, Shift-Dir - straight line, f/p - orc warlord
Aim: an orc warlord, wielding a +1 dire flail and wearing a +3 plate armour of cold resistance (severely wounded)
The sticky flame hits the orc warlord.
The orc warlord is severely wounded.
The orc warlord is covered in liquid flames!
The orc warlord burns!
The orc warlord burns!
Your iron imp barely misses the orc warlord.
The orc warlord burns!
Your iron imp hits the orc warlord but does no damage.
The orc warlord burns!
The orc warlord burns!
The orc warlord stops burning.
There is an entrance to Xazinah's Antique Weapon Shoppe here.
Press: ? - help, Shift-Dir - straight line, f/p - orc warlord
Aim: an orc warlord, wielding a +1 dire flail and wearing a +3 plate armour of cold resistance (almost dead)
The iron shot hits the orc warlord!
The orc warlord is almost dead.
The orc warlord hits you with a +1 dire flail!!
You die...

###..## ##.# ###...####...
##.#...#.##∩..
######.....#......#
##.#.♣#......#.#...#
##.....##........#.##
#...#♣∩♣##......#...#
##....o...#.........##
###....@.♣...........#..
##.#.....................
##.....................#..
##.#...............#.....##
#..........).......###....#
##....##....>........⌠.⌠..#
##....#..............∩...#
###............(...⌠.⌠.##
##...........)[..#...#


You could see an orc warlord.

Vanquished Creatures
  Rupert (D:12)
  Josephine (Lair:4)
  2 vault guards (D:13)
  4 hydras
  A catoblepas (Lair:6)
  Erica (Lair:1)
  2 two-headed ogres
  Nergalle (D:10)
  3 skeletal warriors (D:9)
  2 unseen horrors
  A lindwurm (Lair:6)
  A necromancer (Lair:3)
  2 ugly things
  A manticore (D:13)
  A cyclops (D:13)
  4 elephants (Lair:6)
  An elephant (shapeshifter) (D:13)
  2 centaur zombies
  2 molten gargoyles (Lair:6)
  3 spiny frogs
  7 black mambas
  A guardian serpent (Lair:4)
  Maurice (D:9)
  7 komodo dragons
  A tengu conjurer (D:14)
  3 trolls
  5 blink frogs (Lair:5)
  6 hippogriffs
  4 wraiths
  A water elemental (D:11)
  36 yaks
  10 humans
  5 basilisks
  6 wyverns
  2 hogs (D:7)
  A hungry ghost (D:11)
  3 steam dragons
  4 vampire mosquitoes (D:13)
  2 acid dragons
  2 wargs (Orc:1)
  3 hell hounds (Lair:6)
  10 water moccasins
  A porcupine (Lair:5)
  7 ice beasts
  A black bear (D:9)
  2 phantoms
  4 sky beasts
  6 ogres
  A necrophage (D:13)
  3 orc warriors
  2 elephant zombies (Lair:3)
  4 centaurs
  16 wolves
  15 crocodiles
  3 big kobolds
  14 bullfrogs
  6 scorpions
  25 killer bees
  5 wights (D:7)
  8 electric eels
  9 crimson imps
  5 howler monkeys
  5 lava snakes (Lair:6)
  2 quasits (D:10)
  A bullfrog skeleton (D:12)
  4 centaur skeletons
  9 jellies
  8 orc priests
  11 hounds
  A basilisk zombie (Lair:3)
  4 iguanas
  13 orc wizards
  10 worker ants
  7 hell rats (Lair:3)
  A crocodile zombie (Lair:3)
  A hound zombie (D:6)
  2 hound skeletons
  A worker ant zombie (D:6)
  8 gnolls
  22 adders
  A shadow imp (D:13)
  2 oozes
  4 adder skeletons
  2 worms
  2 dart slugs
  5 leopard geckos
  63 orcs
  2 ball pythons
  4 giant cockroaches
  8 hobgoblins
  11 jackals
  4 quokkas
  4 bats
  3 frilled lizards
  6 goblins
  A jackal skeleton (D:7)
  A jackal zombie (D:8)
  17 kobolds
  A quokka skeleton (D:4)
  4 rats
548 creatures vanquished.

Vanquished Creatures (collateral kills)
  A fire dragon (Lair:6)
  2 hydras
  A vault guard (D:13)
  An ugly thing (D:13)
  2 slime creatures (D:13)
  A black mamba (Lair:6)
  A centaur skeleton (D:13)
  A spiny frog (Lair:1)
  A rime drake (Lair:1)
  A troll (D:11)
  A hippogriff (D:13)
  A wraith (Lair:4)
  A hog (D:7)
  A yak (D:10)
  A sky beast (D:9)
  4 wolves (Lair:3)
  2 killer bees (D:8)
  A wight (D:7)
  A jelly (D:10)
  A hound (D:11)
  An orc priest (D:4)
  An orc wizard (D:6)
  4 orcs
  A giant cockroach (D:4)
  3 jackals
  A ball python (D:4)
  A kobold (D:8)
38 creatures vanquished.

Vanquished Creatures (others)
  A fungus (Lair:6)
1 creature vanquished.

Grand Total: 587 creatures vanquished

Notes
Turn   | Place    | Note
-------+----------+-------------------------------------------
     0 | D:1      | diana the Demonspawn Gladiator began the quest for the Orb.
     0 | D:1      | Reached XP level 1. HP: 16/16 MP: 1/1
   160 | D:1      | Gained mutation: You have sharp toenails. [demonic
                  | ancestry]
   160 | D:1      | Reached XP level 2. HP: 22/22 MP: 2/2
   215 | D:1      | Reached skill level 3 in Staves
   693 | D:2      | Reached XP level 3. HP: 25/28 MP: 3/3
   890 | D:3      | Reached skill level 1 in Armour
  1004 | D:3      | Gained mutation: A weak demonic guardian rushes to your
                  | aid. [demonic ancestry]
  1004 | D:3      | Reached XP level 4. HP: 34/34 MP: 4/4
  1258 | D:2      | Found a shimmering altar of Xom.
  1258 | D:2      | Found an ancient bone altar of Kikubaaqudgha.
  1261 | D:2      | Found a blossoming altar of Fedhas.
  1408 | D:2      | Found a radiant altar of Vehumet.
  1408 | D:2      | Found a burning altar of Makhleb.
  1414 | D:2      | Became a worshipper of Makhleb the Destroyer
  1551 | D:3      | Gained mutation: You are partially covered in sharp spines.
                  | [demonic ancestry]
  1551 | D:3      | Reached XP level 5. HP: 40/40 MP: 5/5
  1619 | D:3      | Reached skill level 4 in Staves
  1892 | D:3      | Reached * piety under Makhleb
  2136 | D:4      | Got a dazzling leather armour
  2147 | D:4      | Identified the +0 leather armour of Impatience {Int+3} (You
                  | found it on level 4 of the Dungeon)
  2235 | D:4      | Found a shadowy altar of Dithmenos.
  2255 | D:4      | Reached XP level 6. HP: 47/47 MP: 6/6
  2373 | D:4      | Found Mamuus's Magic Scroll Shop.
  2385 | D:4      | Bought a scroll of teleportation for 39 gold pieces
  2419 | D:4      | Found an ornate altar of the Wu Jian Council.
  2580 | D:4      | Reached skill level 5 in Staves
  2607 | D:4      | Gained mutation: Your movements are slightly less
                  | encumbered by armour. (ER -2) [demonic ancestry]
  2607 | D:4      | Reached XP level 7. HP: 36/53 MP: 7/7
  2655 | D:4      | Found a bloodstained altar of Trog.
  2656 | D:4      | Found an iron altar of Okawaru.
  2750 | D:4      | Found a staircase to the Ecumenical Temple.
  3017 | D:5      | Entered Level 5 of the Dungeon
  3096 | D:5      | Reached ** piety under Makhleb
  3177 | D:5      | Reached skill level 6 in Staves
  3406 | D:5      | Gained mutation: You have razor-sharp toenails. [demonic
                  | ancestry]
  3406 | D:5      | Reached XP level 8. HP: 61/61 MP: 8/8
  3447 | D:5      | Reached *** piety under Makhleb
  3662 | D:5      | Found a shattered altar of Ashenzari.
  3833 | D:6      | Reached skill level 5 in Fighting
  3836 | D:6      | Reached skill level 5 in Dodging
  4056 | D:6      | Reached skill level 7 in Staves
  4524 | D:7      | Reached skill level 1 in Invocations
  4570 | D:7      | Gained mutation: Your movements are less encumbered by
                  | armour. (ER -4) [demonic ancestry]
  4570 | D:7      | Reached XP level 9. HP: 56/68 MP: 10/10
  4580 | D:7      | Reached **** piety under Makhleb
  4691 | D:7      | Found a deep blue altar of Sif Muna.
  4820 | D:7      | Reached skill level 8 in Staves
  4823 | D:7      | Reached skill level 5 in Armour
  5562 | D:8      | Noticed a two-headed ogre
  5570 | D:8      | Killed a two-headed ogre
  5570 | D:8      | Gained mutation: You are mostly covered in sharp spines.
                  | [demonic ancestry]
  5570 | D:8      | Reached XP level 10. HP: 77/77 MP: 13/13
  5638 | D:8      | Reached skill level 9 in Staves
  5638 | D:8      | Reached skill level 5 in Invocations
  5692 | D:8      | Found Emeaqoifi's Magic Scroll Shop.
  5701 | D:8      | Bought a scroll of magic mapping for 42 gold pieces
  5764 | D:8      | Reached skill level 11 in Staves
  5764 | D:8      | Reached XP level 11. HP: 84/84 MP: 13/17
  5922 | D:9      | Reached ***** piety under Makhleb
  6274 | D:9      | Noticed Maurice
  6285 | D:9      | Killed Maurice
  6559 | D:10     | Entered Level 10 of the Dungeon
  6608 | D:10     | Noticed a skeletal warrior
  6609 | D:10     | Noticed Nergalle
  6629 | D:10     | Noticed a skeletal warrior
  6643 | D:9      | Killed a skeletal warrior
  6646 | D:10     | Noticed a skeletal warrior
  6676 | D:9      | Killed a skeletal warrior
  6829 | D:9      | Killed a skeletal warrior
  6829 | D:9      | Reached skill level 12 in Staves
  6978 | D:10     | Noticed a spectral orc warlord
  6987 | D:10     | Killed Nergalle
  7137 | D:10     | Reached XP level 12. HP: 84/92 MP: 18/18
  7645 | D:11     | Found a staircase to the Orcish Mines.
  7701 | D:11     | Noticed a six-headed hydra
  7716 | D:11     | Found a staircase to the Lair.
  7719 | D:11     | Killed a six-headed hydra
  8467 | D:11     | Noticed a six-headed hydra
  8476 | D:11     | Killed a six-headed hydra
  8769 | D:11     | You fall through a shaft for 3 floors!
  8879 | D:13     | Noticed a seven-headed hydra
  8889 | D:13     | Killed a seven-headed hydra
  8899 | D:13     | Found a sacrificial altar of Ru.
  8940 | D:13     | Reached skill level 13 in Staves
  8943 | D:13     | Noticed a vault guard
  8947 | D:13     | Noticed a vault guard
  8947 | D:13     | Reached ****** piety under Makhleb
  8951 | D:13     | Noticed a vault guard
  9311 | D:12     | Noticed Rupert
  9325 | D:12     | Killed Rupert
  9441 | D:12     | Noticed a two-headed ogre
  9447 | D:12     | Killed a two-headed ogre
  9447 | D:12     | Reached XP level 13. HP: 101/101 MP: 19/19
  9481 | D:12     | Found a glowing golden altar of the Shining One.
 10896 | D:13     | Found a gate to the Vaults.
 11232 | Lair:1   | Entered Level 1 of the Lair of Beasts
 11660 | Lair:1   | Noticed Erica
 11670 | Lair:1   | Killed Erica
 11749 | Lair:1   | Reached skill level 14 in Staves
 12143 | Lair:2   | Reached skill level 10 in Fighting
 12302 | Lair:2   | Found a staircase to the Swamp.
 13344 | Lair:3   | You fall through a shaft for 3 floors!
 13344 | Lair:6   | Entered Level 6 of the Lair of Beasts
 13416 | Lair:6   | Reached skill level 10 in Invocations
 13559 | Lair:6   | Noticed a fire dragon
 13908 | Lair:5   | Found a viscous altar of Jiyva.
 13908 | Lair:5   | Found a staircase to the Slime Pits.
 13912 | Lair:5   | Reached XP level 14. HP: 99/111 MP: 21/21
 14299 | Lair:5   | Reached skill level 10 in Dodging
 14728 | Lair:4   | Noticed Josephine
 14733 | Lair:4   | Killed Josephine
 15170 | Lair:4   | Found a staircase to the Snake Pit.
 16474 | Lair:6   | Reached skill level 10 in Armour
 16866 | Lair:6   | Found a large runed translucent door.
 16867 | Lair:6   | Found a large runed translucent door.
 17395 | Orc:1    | Entered Level 1 of the Orcish Mines
 17402 | Orc:1    | Found Hamonn's Food Shoppe.
 17419 | Orc:1    | Found Pitec's Book Emporium.
 17459 | Orc:1    | Found Xazinah's Antique Weapon Shoppe.
 17545 | Orc:2    | Entered Level 2 of the Orcish Mines
 17545 | Orc:2    | Noticed an orc warlord
 17577 | Orc:1    | Slain by an orc warlord

Skill      XL: |  1  2  3  4  5  6  7  8  9 10 11 12 13 14 |
---------------+-------------------------------------------+-----
Staves         | 3 4 5 6 7 8 11 12 13 14 | 14.0
Dodging        | 3 4 5 6 7 8 9 10 | 10.5
Armour         | 1 2 3 4 5 6 8 9 10 | 10.1
Fighting       | 3 4 5 6 7 9 10 11 | 11.2
Invocations    | 1 4 9 10 11 | 11.3
Throwing       | |  1.7

Action                   |  1- 3 |  4- 6 |  7- 9 | 10-12 | 13-15 || total
-------------------------+-------+-------+-------+-------+-------++-------
Melee: Quarterstaff      |    68 |    65 |       |     8 |    15 ||   156
       Kick              |     9 |    36 |    77 |   127 |   240 ||   489
       Lajatang          |       |    56 |   252 |   385 |   629 ||  1322
Throw: Throwing net      |       |       |       |       |     2 ||     2
Invok: Major Destruction |       |       |       |     1 |     4 ||     5
       Minor Destruction |       |       |       |     3 |       ||     3
       Lesser Servant of |       |       |       |     2 |     5 ||     7
       Greater Servant o |       |       |       |       |     1 ||     1
Evoke: Wand              |       |       |       |     7 |       ||     7
  Use: Scroll            |       |     4 |     1 |    10 |     7 ||    22
       Potion            |       |       |       |     1 |     6 ||     7
 Stab: Distracted        |       |       |     2 |     2 |     7 ||    11
       Sleeping          |       |       |       |       |     3 ||     3
  Eat: Chunk             |       |     6 |     8 |    11 |    20 ||    45
       Ration            |       |       |       |     1 |     2 ||     3
Armor: Leather armour    |    14 |       |       |       |       ||    14
       Chain mail        |    41 |    60 |   110 |   170 |     7 ||   388
       Acid dragon scale |       |       |       |       |   127 ||   127
Dodge: Dodged            |    44 |    45 |   124 |   328 |   474 ||  1015
